 Dungeon Crawl Stone Soup version 0.23-a0-208-gb6b040f (webtiles) character file.

36 Felrender the Skirmisher (level 3, 0/29 HPs)
             Began as a Demonspawn Fighter on Sept 24, 2018.
             Succumbed to an adder's poison
             ... on level 2 of the Dungeon.
             The game lasted 00:01:42 (727 turns).

Felrender the Skirmisher (Demonspawn Fighter)        Turns: 727, Time: 00:01:43

Health: 0/29       AC:  6    Str: 14 (17) XL:     3   Next: 19%
Magic:  3/3        EV:  6    Int:  8 (9)  God:
Gold:   45         SH:  8    Dex:  9 (12) Spells: 2/2 levels left

rFire    . . .     SeeInvis .   a - +0 long sword
rCold    . . .     Gourm    .   c - +0 shield
rNeg     . . .     Faith    .   b - +0 scale mail
rPois    .         Spirit   .   (no helmet)
rElec    .         Reflect  .   (no cloak)
rCorr    .         Harm     .   (no gloves)
MR       .....                  (no boots)
Stlth    ..........             (no amulet)
HPRegen  0.09/turn              (no ring)
MPRegen  0.08/turn              (no ring)

@: lethally poisoned (0 -> -4), hasted, very quick
A: claws 1
a: no special abilities


You were on level 2 of the Dungeon.
You were not hungry.

You visited 1 branch of the dungeon, and saw 2 of its levels.

You collected 45 gold pieces.

Inventory:

Hand Weapons
 a - a +0 long sword (weapon)
Armour
 b - a +0 scale mail (worn)
 c - a +0 shield (worn)
Scrolls
 g - a scroll of remove curse {unknown}
 i - a scroll of random uselessness {unknown}
Potions
 d - a potion of might
 h - a potion of degeneration
Comestibles
 f - 3 rations
 j - a chunk of flesh


   Skills:
 + Level 3.3 Fighting
 + Level 2.2 Long Blades
 + Level 3.0 Armour
 + Level 0.2 Dodging
 + Level 3.0 Shields


You had 2 spell levels left.
You didn't know any spells.
Your spell library was empty.

Dungeon Overview and Level Annotations

Branches:
Dungeon (2/15)

Altars:
Zin


Innate Abilities, Weirdness & Mutations

You have sharp fingernails.


Message History

You feel stronger.
* * * LOW HITPOINT WARNING * * *
You feel sick.
You see here an adder corpse.
You butcher the adder corpse.
Things that are here:
a chunk of flesh; an adder skeleton
j - a chunk of flesh
There is a lethal amount of poison in your body!
* * * LOW HITPOINT WARNING * * *
You feel sick.
There is a lethal amount of poison in your body!
There is a lethal amount of poison in your body!
There is a lethal amount of poison in your body!
There is a lethal amount of poison in your body!
You see here an adder skeleton.
* * * LOW HITPOINT WARNING * * *
You feel sick.
Found 18 bolts.
You die...

(# ..# ..# # ###..# #. #....#
#.# #... ###..###.####
#.....รท.@...##.# ##
....####.####.##.# ... #
#.##.....##.##.# ..
#.#.......#.##.##########
#.##.#.......#..............
#........_........####......
#.##.#.......#.#..# ##<..#.#
#..#.......#...)###....##.
##.###..##.....##.#......#####.


There were no monsters in sight!

Vanquished Creatures
  2 adders (D:2)
  A worm (D:2)
  3 giant cockroaches (D:1)
  A goblin (D:1)
  3 hobgoblins
  3 kobolds
  A bat (D:2)
  A rat (D:1)
15 creatures vanquished.

Notes
Turn   | Place    | Note
-------+----------+-------------------------------------------
     0 | D:1      | Felrender the Demonspawn Fighter began the quest for the
                  | Orb.
     0 | D:1      | Reached XP level 1. HP: 18/18 MP: 1/1
   347 | D:1      | Gained mutation: You have sharp fingernails. [demonic
                  | ancestry]
   347 | D:1      | Reached XP level 2. HP: 24/24 MP: 2/2
   483 | D:2      | Found a glowing silver altar of Zin.
   714 | D:2      | Reached XP level 3. HP: 3/29 MP: 3/3
   722 | D:2      | HP: 1/29 [poisoned by an adder]
   727 | D:2      | Succumbed to an adder's poison

Vault maps used:
D:1:      ebering_trefoil_3fold
D:2:      old_standard_altar

Skill      XL: |  1  2 |
---------------+-------+-----
Armour         | 3 |  3.0
Long Blades    | 2 |  2.2
Shields        | 3 |  3.0
Fighting       | |  3.3
Dodging        | |  0.2

Action                   || total
-------------------------++-------
Melee: Long sword        ||    71
  Use: Potion            ||     2
Armor: Scale mail        ||    32
Dodge: Dodged            ||    18
Block: Shield            ||    44
       Rpst.: Long sword ||     4

Table legend:
 A = Non-vault XP
 B = Vault XP
 C = Vault XP percentage of total XP
 D = Non-vault monster count
 E = Vault monster count
 F = Vault count percentage of total count
                 A         B        C        D         E       F
            +---------+---------+-------+---------+---------+-------
      Total |      52 |       0 |   0.0 |      15 |       0 |   0.0
            +---------+---------+-------+---------+---------+-------
        D:1 |      17 |       0 |   0.0 |       9 |       0 |   0.0
        D:2 |      35 |       0 |   0.0 |       6 |       0 |   0.0
            +---------+---------+-------+---------+---------+-------
